 Dungeon Crawl Stone Soup version 0.29.0-4-gdea44cf6ec (webtiles) character file.

Game seed: 18328024751794256582

1540 qw the Chopper (level 8, -2/75 HPs)
             Began as a Gargoyle Berserker on Sept 7, 2022.
             Was a Priest of Trog.
             Constricted to death by a vampire (3 damage)
             ... on level 6 of the Dungeon.
             The game lasted 00:01:55 (6484 turns).

qw the Chopper (Gargoyle Berserker)                 Turns: 6484, Time: 00:01:55

Health: -2/75      AC: 19    Str: 23    XL:     8   Next: 86%
Magic:  8/8        EV:  4    Int:  8    God:    Trog [***...]
Gold:   261        SH:  0    Dex:  9    Spells: 7/7 levels left

rFire   . . .      SeeInvis .   Y - +1 hand axe
rCold   . . .      Faith    .   (no shield)
rNeg    + . .      Spirit   .   n - +0 plate armour
rPois   inf        Reflect  .   o - +0 helmet
rElec   +          Harm     .   (no cloak)
rCorr   .          Rampage  .   (no gloves)
Will    .....                   (no boots)
Stlth   ..........              (no amulet)
HPRegen 0.22/turn               (no ring)
MPRegen 0.11/turn               (no ring)

@: berserking, grasped by roots, constricted, very quick
A: sickness immunity, AC +5, negative energy resistance 1, electricity
resistance, torment resistance 1, petrification resistance
a: Renounce Religion, Berserk, Trog's Hand


You were on level 6 of the Dungeon.
You worshipped Trog.
Trog was most pleased with you.
You visited 1 branch of the dungeon, and saw 6 of its levels.

You collected 261 gold pieces.


Innate Abilities, Weirdness & Mutations

You are immune to sickness and miasma.
Your stone body is resilient. (AC +5)
You are immune to poison.
You resist negative energy. (rN+)
You are resistant to electric shocks. (rElec)
You are resistant to unholy torment.
You are immune to petrification.


   Skills:
 - Level 5.4 Fighting
 + Level 7.7 Axes
 - Level 2.1 Throwing
 - Level 6.4 Armour
 - Level 1.5 Dodging


You had 7 spell levels left.
You didn't know any spells.
Your spell library was empty.

Inventory:

Hand Weapons
 b - a +2 vampiric whip
 Y - a +1 hand axe (weapon)
Missiles
 d - 4 boomerangs
 m - 2 javelins (quivered)
Armour
 n - a +0 plate armour (worn)
 o - a +0 helmet (worn)
Jewellery
 a - a ring of fire
 e - a ring of fire
Scrolls
 k - a scroll of identify
 r - a scroll of teleportation
Potions
 c - 2 potions of heal wounds
 f - a potion of mutation
 g - 2 potions of might
 h - a potion of attraction {unknown}
 i - a potion of haste
 j - a potion of brilliance {unknown}
 l - a potion of curing
 q - a potion of lignification {unknown}

Dungeon Overview and Level Annotations

Branches:
Dungeon (6/15)             Temple (0/1) D:5

Altars:
Nemelex Xobeh
Qazlal
Trog
Uskayaw

Shops:
D:4 :

Annotations:
D:2 1 runed translucent door, Crazy Yiuf
D:3 1 runed translucent door, qw's ghost, amateur BaCK


Message History

You escape the roots grasp.
The vampire barely misses you. x2
Things that are here:
10 gold pieces; a +0 shortbow You closely miss the vampire.
You barely miss the vampire.
The vampire hits you but does no damage.
The vampire bites you.
You closely miss the vampire.
The vampire gestures at you while chanting.
You are confused.
6478 ||| DRINKING 2 potions of curing.
You feel better.
6478 ||| (to cure confusion)
The vampire hits you! The vampire bites you.
You slash the vampire!
The vampire is moderately damaged.
The vampire hits you!
The vampire bites you but does no damage.
You hit the vampire but do no damage.
The vampire is moderately damaged.
The vampire hits you but does no damage.
The vampire bites you!
6481 ||| INVOKING Berserk.
A red film seems to cover your vision as you go berserk!
You feel yourself moving faster!
You feel mighty!
The vampire zaps a wand.
The roots erupt in riotous growth!
The grasping roots grab you!
The vampire is unaffected.
The grasping roots constrict you!
You hear a shout!
You hit the vampire.
The vampire is moderately damaged.
The vampire hits you!
The vampire bites you but does no damage.
The grasping roots constrict you.
You barely miss the vampire.
The vampire is moderately damaged.
You barely miss the vampire.
The vampire is moderately damaged.
The vampire hits you. The vampire bites you. The grasping roots constrict you.
You die...

........### ..
...........# ...
...).......##...
.}.}.......#....
._...........
#..}.}....>$..#
... #....V.# .
..###...@## ..
..........# ..
#..##.##..)..#...#
#...(#..<.......#
#...[).......#
##............#
#......$..##..
#........... .
..............


You could see a vampire.

Vanquished Creatures
  Pikel (D:6)
  Grinder (D:3)
  2 ice beasts (D:5)
  A centaur (D:6)
  3 scorpions
  An orc priest (D:5)
  2 jellies (D:5)
  A gnoll bouda (D:5)
  3 iguanas (D:5)
  9 gnolls
  6 adders
  2 white imps
  2 ufetubi
  2 worms (D:2)
  7 dart slugs
  13 orcs
  7 bats
  13 endoplasms
  4 giant cockroaches
  5 goblins
  10 hobgoblins
  2 jackals (D:1)
  7 kobolds
  7 quokkas
  8 ball pythons
  2 frilled lizards
  5 rats
126 creatures vanquished.

Vanquished Creatures (others)
  A plant (D:1)
1 creature vanquished.

Grand Total: 127 creatures vanquished

Notes
Turn   | Place    | Note
-------+----------+-------------------------------------------
     0 | D:1      | qw the Gargoyle Berserker began the quest for the Orb.
     0 | D:1      | Reached XP level 1. HP: 14/14 MP: 1/1
     0 | D:1      | 0 ||| qw: Version: 0.1-a-108-g9e35731
     0 | D:1      | 0 ||| qw: Game counter: 6475
     0 | D:1      | 0 ||| qw: Always use a shield: true
     0 | D:1      | 0 ||| qw: Do Orc after D:15 true
     0 | D:1      | 0 ||| qw: Do second Lair branch before Depths: true
     0 | D:1      | 0 ||| qw: Lair rune preference: random
     0 | D:1      | 0 ||| qw: Plans: Normal
     0 | D:1      | 0 ||| PLANNING D:1-11
    79 | D:1      | Found a faded altar of an unknown god.
    82 | D:1      | 82 ||| Stepping ~*~*~tactically~*~*~ (stealth).
    93 | D:1      | 93 ||| Stepping ~*~*~tactically~*~*~ (stealth).
    95 | D:1      | Reached skill level 3 in Axes
   111 | D:1      | Reached XP level 2. HP: 14/19 MP: 2/2
   222 | D:1      | 222 ||| INVOKING Berserk.
   653 | D:1      | 653 ||| Stepping ~*~*~tactically~*~*~ (stealth).
   660 | D:1      | 660 ||| INVOKING Berserk.
   945 | D:1      | 945 ||| Stepping ~*~*~tactically~*~*~ (hiding).
   956 | D:1      | Reached XP level 3. HP: 20/23 MP: 3/3
  1251 | D:1      | 1251 ||| Stepping ~*~*~tactically~*~*~ (stealth).
  1253 | D:1      | 1253 ||| Stepping ~*~*~tactically~*~*~ (stealth).
  1257 | D:1      | 1257 ||| Stepping ~*~*~tactically~*~*~ (stealth).
  1259 | D:1      | 1259 ||| Stepping ~*~*~tactically~*~*~ (stealth).
  1391 | D:1      | Reached skill level 4 in Axes
  1553 | D:1      | 1553 ||| UPGRADING to +0 leather armour.
  1563 | D:1      | 1563 ||| DROPPING +0 animal skin.
  1564 | D:1      | 1564 ||| UPGRADING to +0 ring mail.
  1574 | D:1      | 1574 ||| DROPPING +0 leather armour.
  1575 | D:1      | 1575 ||| READING scroll labelled NAPSIJINNA.
  1576 | D:1      | 1576 ||| READING scroll labelled CUJUEP SO QYCO.
  1640 | D:1      | 1640 ||| READING 3 scrolls labelled PURUXU VICOFACSI.
  1641 | D:1      | 1641 ||| READING 2 scrolls of identify.
  1641 | D:1      | 1641 ||| IDENTIFYING emerald potion
  1698 | D:2      | 1698 ||| INVOKING Berserk.
  1721 | D:2      | 1721 ||| Stepping ~*~*~tactically~*~*~ (stealth).
  1723 | D:2      | 1723 ||| Stepping ~*~*~tactically~*~*~ (stealth).
  1860 | D:2      | 1860 ||| Stepping ~*~*~tactically~*~*~ (stealth).
  1879 | D:2      | 1879 ||| Stepping ~*~*~tactically~*~*~ (stealth).
  1944 | D:2      | You fall into a shaft and drop 2 floors!
  1967 | D:4      | Reached skill level 1 in Throwing
  1967 | D:4      | Reached XP level 4. HP: 28/28 MP: 4/4
  2017 | D:4      | 2017 ||| DRINKING 2 fuming grey potions.
  2019 | D:4      | 2019 ||| Stepping ~*~*~tactically~*~*~ (hiding).
  2022 | D:4      | 2022 ||| Stepping ~*~*~tactically~*~*~ (hiding).
  2025 | D:4      | Noticed a scorpion
  2028 | D:4      | Reached ** piety under Trog
  2037 | D:4      | Killed a scorpion
  2038 | D:4      | Reached XP level 5. HP: 19/32 MP: 5/5
  2307 | D:3      | 2307 ||| READING scroll labelled LAC QIOCRERUE.
  2308 | D:3      | 2308 ||| READING scroll labelled CUYPOMAONN.
  2309 | D:3      | 2309 ||| DRINKING 3 brown potions.
  2375 | D:2      | Reached skill level 5 in Axes
  2383 | D:2      | 2383 ||| Stepping ~*~*~tactically~*~*~ (hiding).
  2403 | D:2      | 2403 ||| INVOKING Berserk.
  2770 | D:2      | Found a runed translucent door.
  2771 | D:2      | Noticed Crazy Yiuf
  2928 | D:2      | 2928 ||| READING scroll labelled IQITTYAJUPP.
  3037 | D:3      | Found a hide-covered altar of Uskayaw.
  3194 | D:3      | Found a runed translucent door.
  3197 | D:3      | Noticed qw's ghost (amateur BaCK)
  3299 | D:3      | Found a stormy altar of Qazlal.
  3326 | D:3      | Noticed Grinder
  3328 | D:3      | 3328 ||| Stepping ~*~*~tactically~*~*~ (hiding).
  3330 | D:3      | 3330 ||| INVOKING Trog's Hand.
  3331 | D:3      | 3331 ||| INVOKING Berserk.
  3343 | D:3      | Killed Grinder
  3344 | D:3      | Reached skill level 6 in Axes
  3344 | D:3      | Reached XP level 6. HP: 38/38 MP: 6/6
  3722 | D:3      | 3722 ||| READING scroll labelled LITYWI TOUNN.
  3723 | D:3      | 3723 ||| READING 2 scrolls of identify.
  3723 | D:3      | 3723 ||| IDENTIFYING ruby potion
  3845 | D:4      | Found a bloodstained altar of Trog.
  3920 | D:4      | 3920 ||| Stepping ~*~*~tactically~*~*~ (hiding).
  4063 | D:4      | Found Welas's Book Shoppe.
  4236 | D:4      | Reached XP level 7. HP: 43/43 MP: 7/7
  4382 | D:4      | 4382 ||| UPGRADING to +0 plate armour.
  4392 | D:4      | 4392 ||| DROPPING +0 ring mail.
  4393 | D:4      | 4393 ||| READING scroll labelled NIOXAR QATUYQ.
  4394 | D:4      | 4394 ||| READING scroll labelled AKUEQO XEPNE.
  4495 | D:4      | 4495 ||| DRINKING 2 fuming golden potions.
  4596 | D:4      | 4596 ||| DROPPING potion of ambrosia.
  4607 | D:5      | Entered Level 5 of the Dungeon
  4619 | D:5      | 4619 ||| DROPPING +0 mace.
  4754 | D:5      | 4754 ||| INVOKING Berserk.
  4878 | D:5      | Reached skill level 3 in Armour
  4996 | D:5      | 4996 ||| INVOKING Berserk.
  4996 | D:5      | HP: 16/64 [white imp (5)]
  4996 | D:5      | HP: 6/64 [iguana (10)]
  5334 | D:5      | 5334 ||| Stepping ~*~*~tactically~*~*~ (stealth).
  5411 | D:5      | 5411 ||| INVOKING Berserk.
  5417 | D:5      | Reached skill level 7 in Axes
  5569 | D:5      | Found a staircase to the Ecumenical Temple.
  5685 | D:5      | Reached XP level 8. HP: 50/50 MP: 8/8
  5997 | D:5      | 5997 ||| UPGRADING to +0 helmet.
  6002 | D:5      | 6002 ||| READING scroll labelled HUUHI SEMUNEQ.
  6003 | D:5      | 6003 ||| READING scroll labelled WERIRU XIARUNEQ.
  6004 | D:5      | 6004 ||| READING 2 scrolls labelled RAUTSUAT ODDA.
  6008 | D:5      | 6008 ||| READING 3 scrolls of identify.
  6008 | D:5      | 6008 ||| IDENTIFYING murky amethyst potion
  6009 | D:5      | 6009 ||| READING 2 scrolls of identify.
  6009 | D:5      | 6009 ||| IDENTIFYING dark potion
  6010 | D:5      | 6010 ||| DROPPING potion of degeneration.
  6040 | D:6      | Noticed Pikel
  6042 | D:6      | 6042 ||| INVOKING Berserk.
  6049 | D:6      | Killed Pikel
  6050 | D:6      | Reached skill level 6 in Armour
  6055 | D:6      | 6055 ||| STAIRDANCE
  6181 | D:6      | 6181 ||| STAIRDANCE
  6183 | D:5      | 6183 ||| INVOKING Berserk.
  6297 | D:6      | 6297 ||| STAIRDANCE
  6299 | D:5      | Reached *** piety under Trog
  6304 | D:6      | 6304 ||| Stepping ~*~*~tactically~*~*~ (stealth).
  6309 | D:6      | Found a sparkling altar of Nemelex Xobeh.
  6362 | D:6      | Noticed a vampire
  6363 | D:6      | 6363 ||| FLEEEEING.
  6364 | D:6      | 6364 ||| FLEEEEING.
  6365 | D:6      | 6365 ||| STAIRDANCE
  6471 | D:6      | 6471 ||| Stepping ~*~*~tactically~*~*~ (hiding).
  6472 | D:6      | 6472 ||| Stepping ~*~*~tactically~*~*~ (hiding).
  6478 | D:6      | 6478 ||| DRINKING 2 potions of curing.
  6478 | D:6      | 6478 ||| (to cure confusion)
  6481 | D:6      | 6481 ||| INVOKING Berserk.
  6482 | D:6      | HP: 12/75 [vampire (8)]
  6484 | D:6      | HP: 4/75 [vampire (3)]
  6484 | D:6      | HP: 1/75 [vampire (3)]
  6484 | D:6      | Constricted to death by a vampire

Levels and vault maps discovered:
D:1:      saegor_arrival_fortress, layout_basic,
          nicolae_ecumenical_snake_handling, chequers_serial_rivers_micro_c,
          serial_bayou_lagoon_a, nrook_mini_vaults
D:2:      layout_rooms, uniq_crazy_yiuf_cottage
D:3:      layout_loops_ring, mainiacjoe_overflow_surrounded_room,
          mainiacjoe_overflow_boulevard, ebering_ghost_inner_flame, uniq_grinder
D:4:      layout_basic, trog_three_pillars_becter, serial_shops, shop
D:5:      layout_basic, minmay_temple_entry_sparse_star, serial_curves,
          eino_curves_03, eino_curves_02, eino_curves_01
D:6:      layout_cave_pools, nemelex_xobeh_ov_fountains_minmay, uniq_pikel,
          uniq_eustachio, uniq_sigmund

Skill      XL: |  1  2  3  4  5  6  7  8 |
---------------+-------------------------+-----
Axes           | 3 4 6 7 |  7.7
Throwing       | 1 2 |  2.1
Fighting       | 4 5 |  5.4
Armour         | 3 6 |  6.4
Dodging        | |  1.5

Action                   |  1- 3 |  4- 6 |  7- 9 || total
-------------------------+-------+-------+-------++-------
Melee: Hand axe          |   121 |    96 |   117 ||   334
       Punch             |     1 |     2 |       ||     3
Throw: Javelin           |     1 |    40 |    15 ||    56
Invok: Berserk           |     3 |     2 |     6 ||    11
       Trog's Hand       |       |     1 |       ||     1
  Use: Scroll            |     4 |     5 |     7 ||    16
       Potion            |       |     2 |     2 ||     4
 Stab: Sleeping          |     1 |       |       ||     1
Armor: Animal skin       |    29 |       |       ||    29
       Ring mail         |     7 |    43 |     1 ||    51
       Plate armour      |       |       |    88 ||    88
Dodge: Dodged            |    61 |    63 |    48 ||   172

Table legend:
 A = Non-vault XP
 B = Vault XP
 C = Vault XP percentage of total XP
 D = Non-vault monster count
 E = Vault monster count
 F = Vault count percentage of total count
                 A         B        C        D         E       F
            +---------+---------+-------+---------+---------+-------
      Total |    1336 |     865 |  39.3 |     120 |       6 |   4.8
            +---------+---------+-------+---------+---------+-------
        D:1 |      55 |       4 |   6.8 |      27 |       4 |  12.9
        D:2 |     109 |       0 |   0.0 |      22 |       0 |   0.0
        D:3 |      30 |     290 |  90.6 |      17 |       1 |   5.6
        D:4 |     152 |       0 |   0.0 |      18 |       0 |   0.0
        D:5 |     744 |       0 |   0.0 |      27 |       0 |   0.0
        D:6 |     246 |     571 |  69.9 |       9 |       1 |  10.0
            +---------+---------+-------+---------+---------+-------
